cohdb
Replays
Latest Replays
All Replays
Popular Replays
Top Player Replays
Match Explorer
How It Works
Community
CoH3 Stats
Reddit
Sign in to upload your games and track your stats! →
Sign in with Steam
Match 38834946
Unlisted
Match 38834946
Overview
Messages
Build Orders
End
Vickers Machine Gun Team
Construct Section Command Post
Infantry Section
Infantry Section
ML 3-inch Mortar Team
ML 3-inch Mortar Team
Selects Heavy Armor Battlegroup
Construct Platoon Command Post
Selects Rigorous Vehicle Training
CMP 15cwt Truck
Infantry Section
Construct Company Command Post
Selects Crusader AA Medium Tank
Selects UNKNOWN (2162094)
Royal Engineer Section
Churchill IV Heavy Tank
Unlock Bishop Self-propelled Artillery
Royal Engineer Section
Bishop Self-propelled Artillery
6-pounder Anti-tank Gun Team
TEACHER701
Ignatius
Mael Radec
ronro1987
Lamar
Gorilla
Французкий еврей
Diter Rams
0
0
Comments
sign in to comment!
No comments posted yet!